 Dungeon Crawl Stone Soup version 0.25-a0-1130-g3926558f3a (webtiles) character file.

Game seed: 15073556307189032591, levelgen mode: classic

654 Amnesiac the Skirmisher (level 7, 0/75 HPs)
             Began as an Ogre Gladiator on May 19, 2020.
             Slain by a killer bee (3 damage)
             ... on level 5 of the Dungeon.
             The game lasted 00:07:21 (4070 turns).

Amnesiac the Skirmisher (Ogre Gladiator)            Turns: 4070, Time: 00:07:22

Health: 0/75       AC:  3    Str: 20    XL:     7   Next: 54%
Magic:  8/8        EV: 10    Int: 16    God:
Gold:   224        SH:  5    Dex: 10    Spells: 4/6 levels left

rFire    . . .     SeeInvis .   a - +0 whip (drain)
rCold    . . .     Gourm    .   (no shield)
rNeg     . . .     Faith    .   o - +0 robe
rPois    .         Spirit   .   c - +0 hat
rElec    .         Reflect  +   (no cloak)
rCorr    .         Harm     .   (gloves unavailable)
MR       .....                  (boots unavailable)
Stlth    +.........             s - amulet of reflection
HPRegen  0.22/turn              r - +6 ring of intelligence
MPRegen  0.11/turn              (no ring)

@: brilliant
A: large, unfitting armour, tough skin 1
a: no special abilities


You were on level 5 of the Dungeon.
You were not hungry.

You visited 1 branch of the dungeon, and saw 5 of its levels.

You collected 224 gold pieces.

Inventory:

Hand Weapons
 a - a +0 whip of draining (weapon)
 b - a +0 flail
Missiles
 d - 3 throwing nets (quivered)
 x - 50 arrows
Armour
 c - a +0 hat (worn)
 o - a +0 robe (worn)
 w - a +0 kite shield
Jewellery
 r - a +6 ring of intelligence (left hand)
 s - an amulet of reflection (around neck)
Wands
 p - a wand of iceblast (12)
 t - a wand of disintegration (21)
Scrolls
 e - a scroll of fog {!r, unknown}
 h - 7 scrolls of identify {!r, unknown}
 i - a scroll of blinking {!r, unknown}
 j - 3 scrolls of teleportation {!r, unknown}
 k - 6 scrolls of remove curse {!r, unknown}
 u - a scroll of enchant armour {!r, unknown}
 v - a scroll of magic mapping {!r, unknown}
 y - a scroll of vulnerability {!r, unknown}
Potions
 g - a potion of berserk rage {!q, unknown}
 l - 2 potions of brilliance {!q}
 m - 2 potions of haste {!q, unknown}
 n - 3 potions of resistance {!q, unknown}
 q - 2 potions of degeneration {!q, unknown}
Comestibles
 f - 9 rations


   Skills:
 + Level 6.0 Fighting
 * Level 6.0 Maces & Flails
 - Level 2.0 Throwing
 - Level 2.6 Dodging
 + Level 2.4 Evocations


You had 4 spell levels left.
You knew the following spells:

 Your Spells              Type           Power        Failure   Level  Hunger
b - Sticks to Snakes      Tmut           #.......     36%         2    None

Your spell library contained the following spells:

 Spells                   Type           Power        Failure   Level  Hunger
 Beastly Appendage        Tmut           #.....       26%         1    None
 Spider Form              Tmut/Pois      #.........   58%         3    None
 Ice Form                 Ice/Tmut       #.......     94%         4    None
 Blade Hands              Tmut           #.........   100%        5    None


Dungeon Overview and Level Annotations

Branches:
Dungeon (5/15)
 Temple: D:4-7

Altars:
Makhleb
Nemelex Xobeh
Ru
Vehumet


Innate Abilities, Weirdness & Mutations

You are too large for most types of armour.
You have tough skin. (AC +1)


Message History

The killer bee is almost dead.
You feel sick. The killer bee stings you. x2
You miss the killer bee.
The killer bee is almost dead.
You feel sick. The killer bee stings you.
* * * LOW HITPOINT WARNING * * *
The killer bee closely misses you.
You barely miss the killer bee.
The killer bee is almost dead.
You feel sick. The killer bee closely misses you.
You miss the killer bee.
The killer bee is almost dead.
You feel sick. The killer bee closely misses you.
The killer bee barely misses you.
You hit the killer bee.
You kill the killer bee!
Your Maces & Flails skill increases to level 6!
You feel sick. The killer bee stings you.
* * * LOW HITPOINT WARNING * * *
You are more poisoned.
The killer bee poisons you!
You closely miss the killer bee.
You feel sick. The killer bee barely misses you.
The killer bee stings you but does no damage.
You hit the killer bee but do no damage.
You feel sick. The killer bee stings you.
* * * LOW HITPOINT WARNING * * *
You miss the killer bee.
You feel sick. The killer bee stings you.
* * * LOW HITPOINT WARNING * * *
The killer bee barely misses you.
You hit the killer bee.
The killer bee is lightly wounded.
* * * LOW HITPOINT WARNING * * *
You feel sick. You block the killer bee's attack.
You barely miss the killer bee.
The killer bee is lightly wounded.
* * * LOW HITPOINT WARNING * * *
You feel sick. The killer bee stings you.
* * * LOW HITPOINT WARNING * * *
The killer bee barely misses you.
Really quaff
z - a potion of curing {!q}?
You feel better. The killer bee stings you.
* * * LOW HITPOINT WARNING * * *
The killer bee stings you.
* * * LOW HITPOINT WARNING * * *
Really quaff
l - 3 blue potions {!q}?
It was a potion of brilliance {!q}.
You feel clever all of a sudden.
The killer bee stings you but does no damage.
The killer bee stings you.
* * * LOW HITPOINT WARNING * * *
Okay, then.
You hit the killer bee.
The killer bee is heavily wounded.
The killer bee barely misses you. You block the killer bee's attack.
Unknown command.
You closely miss the killer bee.
The killer bee is heavily wounded.
The killer bee misses you.
Unknown command.
You whack the killer bee!
The killer bee is almost dead.
The killer bee stings you.
You die...

#.....###.. ....
#.#.###.### ( .8.#
#....#(..#. .. ...
#..#.†(#... .8.
.8# #.###.###.#
.... ..
#...###...# #.8.#.
##.###.###..
#...##
###...#...#...
#@###............#
#y##...........###
#............###
##..........## #
#.#.......## #.
#.........# ...
##.......## ....
#..#...## (....
###.###..#


You could see a killer bee.

Vanquished Creatures
  A phantom (D:4)
  2 killer bees (D:5)
  A quasit (D:5)
  A bullfrog skeleton (D:4)
  A centaur skeleton (D:4)
  A hound (D:4)
  Ijyb (D:3)
  5 worker ants (D:4)
  An iguana (D:3)
  2 orc wizards
  A worker ant zombie (D:4)
  3 adders
  An ooze (D:2)
  An adder skeleton (D:5)
  4 worms
  A dart slug (D:2)
  2 leopard geckos
  13 orcs
  2 ball pythons
  2 giant cockroaches
  7 hobgoblins
  11 kobolds
  2 quokkas
  4 bats
  7 frilled lizards
  4 goblins
  A leopard gecko skeleton (D:4)
  A quokka zombie (D:5)
  8 rats
91 creatures vanquished.

Notes
Turn   | Place    | Note
-------+----------+-------------------------------------------
     0 | D:1      | Amnesiac the Ogre Gladiator began the quest for the Orb.
     0 | D:1      | Reached XP level 1. HP: 22/22 MP: 1/1
    98 | D:1      | Reached XP level 2. HP: 18/31 MP: 2/2
   509 | D:2      | Noticed a scorpion
   685 | D:2      | Reached XP level 3. HP: 8/37 MP: 3/3
   978 | D:2      | Found a burning altar of Makhleb.
   978 | D:2      | Found a radiant altar of Vehumet.
  1367 | D:2      | Found a sparkling altar of Nemelex Xobeh.
  1618 | D:2      | Found a sacrificial altar of Ru.
  1664 | D:3      | Reached XP level 4. HP: 45/48 MP: 4/4
  1736 | D:3      | Noticed Ijyb
  1758 | D:3      | Killed Ijyb
  1953 | D:3      | Reached XP level 5. HP: 35/55 MP: 5/5
  2769 | D:4      | Reached skill level 1 in Evocations
  2800 | D:4      | Reached XP level 6. HP: 39/65 MP: 6/6
  2899 | D:4      | Reached skill level 5 in Fighting
  2899 | D:4      | Reached skill level 5 in Maces & Flails
  3298 | D:4      | Learned a level 2 spell: Sticks to Snakes
  3475 | D:4      | Noticed a phantom
  3498 | D:4      | Killed a phantom
  3498 | D:4      | Reached XP level 7. HP: 32/74 MP: 8/8
  3722 | D:5      | Entered Level 5 of the Dungeon
  4067 | D:5      | HP: 3/75 [killer bee (2)]
  4070 | D:5      | Slain by a killer bee

Illustrated notes

Levels and vault maps discovered:
D:1:      elethiomel_arrival_quiet, layout_rooms, st_stairs_12
D:2:      layout_rooms, gammafunk_temple_overflow_statue,
          lemuel_coloured_pillars_altar, first_ration, nemelex_dance_club_becter
D:3:      layout_basic, uniq_ijyb
D:4:      layout_gridville
D:5:      layout_cave_pods, minmay_temple_entry_statues_pillars,
          nrook_mini_backslash, minmay_between, uniq_sigmund

Skill      XL: |  1  2  3  4  5  6  7 |
---------------+----------------------+-----
Fighting       | 3 4 5 6 |  6.0
Maces & Flails | 3 4 5 6 |  6.0
Evocations     | 1 2 |  2.4
Throwing       | |  2.0
Dodging        | |  2.6

Action                   |  1- 3 |  4- 6 |  7- 9 || total
-------------------------+-------+-------+-------++-------
Melee: Flail             |   108 |    31 |     7 ||   146
       Whip              |     4 |   174 |    72 ||   250
Throw: Throwing net      |     2 |       |     4 ||     6
  Use: Potion            |     1 |       |     2 ||     3
 Stab: Held in net/web   |     1 |       |       ||     1
  Eat: Chunk             |     2 |     6 |     2 ||    10
Armor: Robe              |    25 |    48 |    13 ||    86
Dodge: Dodged            |    65 |    75 |    46 ||   186
Block: Other             |       |    19 |    16 ||    35

Table legend:
 A = Non-vault XP
 B = Vault XP
 C = Vault XP percentage of total XP
 D = Non-vault monster count
 E = Vault monster count
 F = Vault count percentage of total count
                 A         B        C        D         E       F
            +---------+---------+-------+---------+---------+-------
      Total |     877 |      58 |   6.2 |      83 |       8 |   8.8
            +---------+---------+-------+---------+---------+-------
        D:1 |      23 |       3 |  11.5 |      17 |       2 |  10.5
        D:2 |      43 |      10 |  18.9 |      13 |       2 |  13.3
        D:3 |     117 |      36 |  23.5 |      21 |       1 |   4.5
        D:4 |     520 |       0 |   0.0 |      28 |       0 |   0.0
        D:5 |     174 |       9 |   4.9 |       4 |       3 |  42.9
            +---------+---------+-------+---------+---------+-------
